 Dungeon Crawl Stone Soup version 0.19-a0-965-g50bf062 (webtiles) character file.

67 Ijustatesigmund the Skirmisher (level 4, 24/37 HPs)
             Began as a Demonspawn Fighter on July 12, 2016.
             Quit the game on level 2 of the Dungeon.
             The game lasted 00:02:03 (1623 turns).

Ijustatesigmund the Skirmisher (Demonspawn Fighter) Turns: 1623, Time: 00:02:04

Health: 24/37      AC:  6    Str: 17    XL:     4   Next: 0%
Magic:  4/4        EV:  7    Int:  9    God:
Gold:   122        SH:  8    Dex: 13    Spells: 0 memorised, 3 levels left

rFire  . . .     SeeInvis .     a - +0 long sword
rCold  . . .     Gourm    .     b - +0 scale mail
rNeg   . . .     Faith    +     c - +0 shield
rPois  .         Spirit   .     (helmet restricted)
rElec  .         Dismiss  .     (no cloak)
rCorr  .         Reflect  .     (no gloves)
SustAt .         Harm     .     (no boots)
MR     .....                    h - amulet of faith (curse)
Stlth  ..........               (no ring)
                                (no ring)

@: not resistant to hostile enchantments, extremely unstealthy
A: antennae 1, hooves 1
a: no special abilities


You were on level 2 of the Dungeon.
You were not hungry.

You visited 1 branch of the dungeon, and saw 2 of its levels.

You collected 122 gold pieces.

Inventory:

Hand Weapons
 a - a +0 long sword (weapon)
Armour
 b - a +0 scale mail (worn)
 c - a +0 shield (worn)
Jewellery
 h - a cursed amulet of faith (around neck)
Wands
 m - a wand of confusion (25/48)
Scrolls
 i - a scroll of identify {unknown}
 j - a scroll of amnesia {unknown}
 l - a scroll of teleportation {unknown}
 o - a scroll of magic mapping {unknown}
Potions
 d - a potion of might
 e - 3 potions of curing {unknown}
 g - a potion of lignification {unknown}
Comestibles
 f - 2 bread rations
 k - 3 fruits
 n - 2 chunks of flesh


   Skills:
 + Level 4.0 Fighting
 + Level 2.5 Long Blades
 - Level 2.6 Armour
 + Level 1.3 Dodging
 - Level 2.6 Shields


You had 3 spell levels left.
You didn't know any spells.

Dungeon Overview and Level Annotations

Branches:
Dungeon (2/15)

Altars:
Elyvilon


Innate Abilities, Weirdness & Mutations

You have a pair of small antennae on your head.
You have large cloven feet.


Message History

Terence hits you but does no damage.
You hit Terence but do no damage.
Terence is moderately wounded.
Terence hits you but does no damage. You block Terence's attack.
You hit Terence.
Terence is severely wounded.
You block Terence's attack.
You slash Terence!
Terence is almost dead.
Terence hits you but does no damage. Terence completely misses you.
You barely miss Terence.
Terence is almost dead.
Terence hits you with a short sword.
You hit Terence.
You kill Terence!
Your Fighting skill increases to level 4!
You have reached level 4!
You feel stronger.
Your demonic ancestry asserts itself...
Your feet thicken and deform.
Are you sure you want to abandon this character and quit the game? (Confirm with "yes".)

# #.#...# #.#.# # #...#.# #..
....# # ###...# #.. #...#
#..## #.#### ...# ##.#####....
...# #......... #######..#
#.#####.(. #........# #.# #)#
#.####...### ########.# #@#
#.###......#
....<....#####<####........#.#
#######.......(.....#####.## #
##.#####............# #.#
######)####### #.##########.#
#.........)..# ##############


There were no monsters in sight!

Vanquished Creatures
  Terence (D:2)
  An adder (D:2)
  A worm (D:2)
  A dart slug (D:1)
  A giant gecko (D:1)
  2 giant cockroaches (D:1)
  4 goblins (D:1)
  6 hobgoblins
  5 kobolds
  2 bats
  4 rats (D:1)
28 creatures vanquished.

Notes
Turn   | Place    | Note
-------+----------+-------------------------------------------
     0 | D:1      | Ijustatesigmund the Demonspawn Fighter began the quest for the Orb.
     0 | D:1      | Reached XP level 1. HP: 18/18 MP: 1/1
   333 | D:1      | Gained mutation: You have a pair of small antennae on your head. [demonic ancestry]
   333 | D:1      | Reached XP level 2. HP: 16/24 MP: 2/2
  1094 | D:1      | Reached skill level 1 in Dodging
  1399 | D:2      | Found a white marble altar of Elyvilon.
  1429 | D:2      | Reached XP level 3. HP: 12/30 MP: 3/3
  1606 | D:2      | Noticed Terence
  1622 | D:2      | Killed Terence
  1622 | D:2      | Reached skill level 4 in Fighting
  1622 | D:2      | Gained mutation: You have large cloven feet. [demonic ancestry]
  1622 | D:2      | Reached XP level 4. HP: 24/37 MP: 4/4
  1623 | D:2      | Quit the game

Vault maps used:
D:1:      grunt_arrival_crossed_arrows
D:2:      kennysheep_slug_shrine, elyvilon_altar_4, uniq_natasha, uniq_terence

Skill      XL: |  1  2  3 |
---------------+----------+-----
Long Blades    | 2 |  2.5
Dodging        | 1 |  1.3
Fighting       | 4 |  4.0
Armour         | |  2.6
Shields        | |  2.6

Action                   |  1- 3 |  4- 6 || total
-------------------------+-------+-------++-------
Melee: Long sword        |   124 |       ||   124
  Use: Scroll            |     2 |       ||     2
  Eat: Chunk             |     2 |       ||     2
Armor: Scale mail        |    51 |       ||    51
Dodge: Dodged            |    34 |       ||    34
Block: Shield            |    57 |       ||    57
